 Dungeon Crawl Stone Soup version 0.27-a0-1591-gc56fcc985a (webtiles) character file.

Game seed: 17518768665748900878

5023 flotson the Skirmisher (level 10, -2/118 HPs)
             Began as a Demonspawn Delver on July 19, 2021.
             Was an Initiate of Gozag.
             Slain by a two-headed ogre (7 damage)
             ... on level 9 of the Dungeon.
             The game lasted 00:21:40 (14547 turns).

flotson the Skirmisher (Demonspawn Delver)         Turns: 14547, Time: 00:21:41

Health: -2/118     AC: 25    Str: 15    XL:     10   Next: 30%
Magic:  0/10       EV:  2    Int: 12    God:    Gozag
Gold:   841        SH:  0    Dex: 15    Spells: 9/9 levels left

rFire    . . .     SeeInvis .   a - +4 war axe
rCold    . . .     Faith    .   (no shield)
rNeg     + + +     Spirit   +   (armour currently unavailable)
rPois    +         Reflect  .   (helmet unavailable)
rElec    .         Harm     .   (cloak currently unavailable)
rCorr    +         Rampage  .   (gloves currently unavailable)
Will     .....     NoTele   +   (boots currently unavailable)
Stlth    +++.......             k - amulet of guardian spirit
HPRegen  0.29/turn              h - ring of resist corrosion
MPRegen  0.12/turn              (no ring)

@: mighty, tree-form
A: stationary, stasis, torment immunity, boosted hp, (antennae 3), (icy blue
scales 1), demonic guardian 1, foul stench 1
a: Renounce Religion, Potion Petition, Call Merchant, Bribe Branch


You were on level 9 of the Dungeon.
You worshipped Gozag.
Gozag was pleased with you.
You were a tree.
You visited 2 branches of the dungeon, and saw 10 of its levels.

You collected 973 gold pieces.
You paid 132 gold pieces to Gozag.

Inventory:

Hand Weapons
 a - a +4 war axe (weapon)
 b - a +0 hunting sling
Missiles
 m - 32 sling bullets
 p - 64 poisoned darts (quivered)
 r - 4 boomerangs
 u - 2 silver boomerangs
 M - 4 curare-tipped darts
Armour
 f - a +0 ring mail (melded)
 i - a +0 pair of boots (melded)
 H - a +0 pair of gloves (melded)
 L - a scarf of resistance (melded)
Jewellery
 h - a ring of resist corrosion (left branch)
 k - an amulet of guardian spirit (around neck)
 v - a ring of fire
 G - an amulet of the acrobat
 K - a ring of ice
Wands
 g - a wand of digging (3)
 J - a wand of flame (17)
Scrolls
 c - a scroll of fog
 d - a scroll of magic mapping
 e - 4 scrolls of identify {unknown}
 j - 2 scrolls of enchant weapon {unknown}
 q - a scroll of enchant armour {unknown}
 x - 5 scrolls of immolation {unknown}
 y - a scroll of teleportation {unknown}
 z - 2 scrolls of holy word {unknown}
 D - 2 scrolls of noise {unknown}
 F - a scroll of blinking {unknown}
Potions
 n - a potion of lignification
 o - a potion of mutation {unknown}
 s - 2 potions of might
 w - a potion of cancellation
 A - a potion of berserk rage {unknown}
 B - 2 potions of attraction {unknown}
 C - a potion of magic {unknown}
 I - a potion of degeneration {unknown}


   Skills:
 + Level 7.1 Fighting
 + Level 6.2 Axes
 + Level 5.3 Throwing
 + Level 5.7 Armour
 + Level 6.0 Dodging
 - Level 4.5 Stealth
 + Level 5.3 Evocations


You had 9 spell levels left.
You didn't know any spells.
Your spell library contained the following spells:

 Spells                   Type           Power      Damage    Failure   Level
 Magic Dart               Conj           0%         1d3       32%         1
 Shock                    Conj/Air       0%         1d3       32%         1
 Summon Small Mammal      Summ           0%         N/A       32%         1
 Call Imp                 Summ           0%         N/A       45%         2
 Call Canine Familiar     Summ           0%         N/A       69%         3
 Mephitic Cloud           Conj/Pois/Air  0%         N/A       69%         3
 Portal Projectile        Hex/Tloc       0%         N/A       69%         3
 Stone Arrow              Conj/Erth      0%         3d7       69%         3
 Summon Guardian Golem    Hex/Summ       0%         N/A       69%         3
 Swiftness                Air            0%         N/A       69%         3
 Airstrike                Air            0%         N/A       97%         4
 Animate Dead             Necr           0%         N/A       97%         4
 Leda's Liquefaction      Hex/Erth       0%         N/A       97%         4
 Petrify                  Tmut/Erth      0%         N/A       97%         4
 Bolt of Magma            Conj/Fire/Erth 0%         4d4       100%        5
 Metabolic Englaciation   Hex/Ice        0%         N/A       100%        5
 Statue Form              Tmut/Erth      0%         N/A       100%        6
 Haunt                    Necr/Summ      0%         N/A       100%        7
 Infestation              Necr           0%         N/A       100%        8
 Shatter                  Erth           0%         3d5*      100%        9


Dungeon Overview and Level Annotations

Branches:
Dungeon (9/15)             Temple (1/1) D:7
   Lair: D:8-11         Orc: D:9-12

Altars:
Ashenzari
Dithmenos
Elyvilon
Fedhas
Gozag
Hepliaklqana
Kikubaaqudgha
Nemelex Xobeh
Okawaru
Qazlal
Ru
Sif Muna
Trog
Uskayaw
Vehumet
Wu Jian
Xom
Yredelemnul
Zin
The Shining One

Shops:
D:4 *   D:6 [

Annotations:
D:3 3 runed translucent doors, mdk's ghost, novice VSBr
D:6 2 transporters, duskshroud's ghost, novice TrMo


Innate Abilities, Weirdness & Mutations

You are a tree.
Your roots penetrate the ground, keeping you stationary.
You cannot be teleported.
You are immune to unholy pain and torment.
Your maximum health is greatly increased.
Your equipment is partially melded.
((You have a pair of large antennae on your head. (SInv)))
((You are partially covered in icy blue scales. (AC +2)))
A weak demonic guardian rushes to your aid.
You may rarely emit foul miasma when damaged in melee.


Message History

A demonic guardian appears!
The two-headed ogre hits you with a +0 giant club!!
The two-headed ogre hits you with a +0 giant club!
You emit a cloud of foul miasma!
There is a stone staircase leading up, spattered with blood here.
You swap places.
The two-headed ogre is engulfed in dark miasma.
The two-headed ogre is poisoned.
The two-headed ogre hits your iron imp with a +0 giant club!
The two-headed ogre hits your iron imp with a +0 giant club!!
Your iron imp dies!
Throw: 65 darts (poison)
Press: ? - help, Q - select action, (/) - cycle Shift-Dir - straight line, f - two-headed ogre
Aim: a two-headed ogre, wielding two +0 giant clubs (foul pestilence, lightly wounded, poisoned, 77% to hit)
You throw a poisoned dart.
The poisoned dart hits the two-headed ogre.
The two-headed ogre looks even sicker.
The two-headed ogre is lightly wounded.
The two-headed ogre is engulfed in dark miasma.
The two-headed ogre looks even sicker.
You feel very mighty all of a sudden.
You slash the two-headed ogre!
The two-headed ogre is heavily wounded.
The two-headed ogre hits you with a +0 giant club!!
* * * LOW HITPOINT WARNING * * *
The two-headed ogre hits you with a +0 giant club!
* * * LOW HITPOINT WARNING * * *
You emit a cloud of foul miasma!
Really quaff the potion of lignification?
You turn into a tree.
Your scarf of resistance melds into your body.
Your +0 pair of gloves melds into your body.
Your +0 pair of boots melds into your body.
Your +0 ring mail melds into your body.
You feel hot and cold all over.
Your roots penetrate the ground.
The two-headed ogre is engulfed in dark miasma.
The two-headed ogre looks even sicker.
The two-headed ogre hits you with a +0 giant club!
You die...
Your body crumbles into a pile of gold.

#+####+###+
#.........
#........#
#........#####
#............#
#....(<...O♣.#
#.....########
#..... #......
#######


You could see a two-headed ogre (very poisoned).

Vanquished Creatures
  A two-headed ogre (D:7)
  2 centaur zombies
  A kobold demonologist (D:7)
  A vampire mosquito (D:7)
  3 water moccasins
  An ice beast (D:8)
  An orc warrior (D:7)
  2 black bears
  3 necrophages
  2 ogres
  3 centaurs
  8 kobold brigands
  Blork the orc (D:6)
  A wyvern zombie (D:7)
  2 scorpions (D:7)
  A water moccasin zombie (D:5)
  3 wights (D:8)
  A howler monkey (D:6)
  A bullfrog zombie (D:6)
  3 hounds
  3 orc priests
  A jelly (D:7)
  4 gnoll shamans
  2 iguanas
  6 orc wizards
  A scorpion zombie (D:5)
  A killer bee zombie (D:7)
  A hound skeleton (D:5)
  2 mummies (D:8)
  A howler monkey zombie (D:8)
  21 gnolls
  8 adders
  3 shadow imps
  2 white imps
  2 worms
  6 dart slugs
  18 orcs
  6 ball pythons
  9 endoplasms
  4 giant cockroaches
  8 goblins
  6 hobgoblins
  11 jackals
  2 quokkas (D:1)
  2 bats
  4 frilled lizards
  30 kobolds
  11 kobold skeletons (D:8)
  7 kobold zombies (D:8)
  7 rats
230 creatures vanquished.

Vanquished Creatures (collateral kills)
  A freezing wraith (D:8)
  An iguana (D:7)
  A gnoll (D:4)
3 creatures vanquished.

Vanquished Creatures (others)
  A bat (D:3)
  A withered plant (D:8)
2 creatures vanquished.

Grand Total: 235 creatures vanquished

Notes
Turn   | Place    | Note
-------+----------+-------------------------------------------
     0 | D:5      | flotson the Demonspawn Delver began the quest for the Orb.
     0 | D:5      | Reached XP level 1. HP: 18/18 MP: 1/1
   141 | D:4      | Found Doyw Jem's Assorted Antiques.
   148 | D:3      | Found a runed translucent gate.
   148 | D:3      | Found a runed translucent gate.
   153 | D:3      | Found a runed translucent gate.
   154 | D:3      | Noticed mdk's ghost (novice VSBr)
   157 | D:3      | Noticed a scorpion
   182 | D:3      | Gained mutation: You may rarely emit foul miasma when
                  | damaged in melee. [demonic ancestry]
   182 | D:3      | Reached XP level 2. HP: 22/24 MP: 2/2
   752 | D:1      | Reached skill level 1 in Armour
   989 | D:1      | Reached XP level 3. HP: 29/29 MP: 3/3
  2082 | D:2      | Reached XP level 4. HP: 35/35 MP: 4/4
  2530 | D:3      | Found an iron altar of Okawaru.
  2563 | D:3      | Found a radiant altar of Vehumet.
  3046 | D:3      | Gained mutation: A weak demonic guardian rushes to your
                  | aid. [demonic ancestry]
  3046 | D:3      | Reached XP level 5. HP: 20/42 MP: 5/5
  3470 | D:3      | Reached skill level 1 in Throwing
  3710 | D:3      | Noticed a +0 short sword
  3711 | D:3      | Noticed a +0 short sword
  3711 | D:3      | Noticed a +0 dagger
  3712 | D:3      | Noticed a +0 falchion
  3712 | D:3      | Noticed a +0 falchion
  3712 | D:3      | Noticed a +0 dagger
  3712 | D:3      | Noticed a +0 spear
  3713 | D:3      | Noticed a +0 spear
  3729 | D:3      | Found a hide-covered altar of Uskayaw.
  4098 | D:3      | Reached skill level 4 in Fighting
  4487 | D:4      | Gained mutation: You have a pair of small antennae on your
                  | head. [demonic ancestry]
  4487 | D:4      | Reached XP level 6. HP: 36/48 MP: 6/6
  4873 | D:4      | Noticed an angel
  6089 | D:5      | Reached XP level 7. HP: 47/55 MP: 5/7
  6422 | D:5      | Reached skill level 1 in Evocations
  6550 | D:5      | Reached skill level 5 in Fighting
  7170 | D:5      | Gained mutation: You have a pair of antennae on your head.
                  | [demonic ancestry]
  7170 | D:5      | Reached XP level 8. HP: 59/62 MP: 8/8
  7621 | D:6      | Noticed duskshroud's ghost (novice TrMo)
  7621 | D:6      | Found a transporter.
  7621 | D:6      | Found a transporter.
  7736 | D:6      | Found Toceits's Antique Armour Shop.
  8012 | D:6      | Noticed Blork the orc
  8027 | D:6      | Killed Blork the orc
  8795 | D:6      | Found a sparkling altar of Nemelex Xobeh.
  9429 | D:7      | Found a broken altar of Ashenzari.
  9431 | D:7      | Noticed a two-headed ogre
  9437 | D:7      | Killed a two-headed ogre
  9438 | D:7      | Reached skill level 6 in Fighting
  9438 | D:7      | Reached skill level 5 in Axes
  9438 | D:7      | Reached skill level 5 in Dodging
  9438 | D:7      | Gained mutation: You are partially covered in icy blue
                  | scales. (AC +2) [demonic ancestry]
  9438 | D:7      | Reached XP level 9. HP: 69/69 MP: 9/9
  9493 | D:7      | Found a staircase to the Ecumenical Temple.
 10917 | Temple   | Entered the Ecumenical Temple
 10924 | Temple   | Became a worshipper of Gozag Ym Sagoz the Greedy
 11010 | D:7      | Reached skill level 5 in Armour
 11283 | D:7      | HP: 3/71 [vampire mosquito (7)]
 12508 | D:8      | Reached skill level 5 in Throwing
 12508 | D:8      | Gained mutation: You have a pair of large antennae on your
                  | head. (SInv) [demonic ancestry]
 12508 | D:8      | Reached XP level 10. HP: 73/77 MP: 10/10
 12786 | D:8      | Reached skill level 5 in Evocations
 13369 | D:7      | Noticed a smoke demon
 13375 | D:7      | Reached skill level 7 in Fighting
 14262 | D:8      | Found an ancient bone altar of Kikubaaqudgha.
 14299 | D:9      | Noticed a two-headed ogre
 14546 | D:9      | HP: 3/79 [two-headed ogre (12)]
 14547 | D:9      | Slain by a two-headed ogre

Illustrated notes

Levels and vault maps discovered:
D:1:      dpeg_arrival_radiant, layout_loops_ring
D:2:      layout_rooms, minmay_unequal
D:3:      layout_basic, mainiacjoe_overflow_alcove_4, fiery_altar_vehumet,
          nicolae_uskayaw_en_pointe, gammafunk_ghost_split,
          amcnicky_mini_rare_corridor_liquid, minmay_box_of_dots
D:4:      layout_gridville, zin_angel, serial_shops, shop
D:5:      layout_basic, serial_rivers, chequers_serial_rivers_micro_a,
          chequers_serial_rivers_small_3, chequers_serial_rivers_marsh,
          chequers_serial_rivers_large_a
D:6:      layout_rooms, nemelex_diamond_rough_becter, gammafunk_ghost_arena,
          serial_shops, nicolae_lakefront_shop, minmay_misc_feat_x,
          uniq_blork_the_orc
D:7:      layout_loops_cross, minmay_temple_entry_statues_fountains,
          hangedman_feature_mirror, minmay_bent
D:8:      wander_kiku_kobolds, layout_cave_pools, serial_undead,
          serial_undead_f, serial_undead_e, serial_undead_e, serial_undead_e
D:9:      layout_stronghold, gammafunk_temple_overflow_wave, lair_entry_dummy,
          ebering_ghost_inner_flame, uniq_psyche, uniq_harold
Temple:   nicolae_temple_no_exploring_needed

Skill      XL: |  1  2  3  4  5  6  7  8  9 10 |
---------------+-------------------------------+-----
Axes           | 2 3 4 5 6 |  6.2
Dodging        | 2 3 4 5 6 |  6.0
Armour         | 1 2 3 4 5 |  5.7
Throwing       | 1 2 4 5 |  5.3
Fighting       | 4 5 6 7 |  7.1
Evocations     | 2 3 4 5 |  5.3
Stealth        | |  4.5

Action                   |  1- 3 |  4- 6 |  7- 9 | 10-12 || total
-------------------------+-------+-------+-------+-------++-------
Melee: Hand axe          |   160 |    52 |       |       ||   212
       Morningstar       |       |   141 |    33 |       ||   174
       War axe           |       |       |   248 |   123 ||   371
 Fire: Hunting sling     |    16 |    14 |   171 |    35 ||   236
Throw: Dart              |       |    23 |    10 |     1 ||    34
Evoke: Wand              |       |       |    10 |     1 ||    11
  Use: Potion            |     1 |       |     5 |     5 ||    11
       Scroll            |     1 |       |     1 |     1 ||     3
 Stab: Sleeping          |     4 |     5 |     1 |       ||    10
       Distracted        |     1 |     2 |       |     3 ||     6
Armor: Leather armour    |    21 |       |       |       ||    21
       Ring mail         |    44 |    83 |   158 |    53 ||   338
       Skin              |       |       |    12 |       ||    12
Dodge: Dodged            |   127 |   161 |   273 |   103 ||   664

Table legend: (Time is in decaauts)
 A = Elapsed time spent in this place.
 B = Non-inter-level travel time spent in this place.
 C = Inter-level travel time spent in this place.
 D = Time resting spent in this place.
 E = Time spent auto-exploring this place.
 F = Levels seen in this place.
 G = Mean time per level.
                   A        B        C        D        E       F      G
               +--------+--------+--------+--------+--------+-----+--------+
         Total |  14778 |  14281 |    497 |   2062 |   9671 |  10 | 1477.8 |
       Dungeon |  14763 |  14273 |    490 |   2062 |   9671 |   9 | 1640.3 |
        Temple |     14 |      7 |      7 |      0 |      0 |   1 |   14.0 |
               +--------+--------+--------+--------+--------+-----+--------+

Top non-repeatable levels by time:
     D:5: 2831 daAuts
     D:7: 2741 daAuts
     D:8: 2205 daAuts
     D:6: 1860 daAuts
     D:3: 1842 daAuts
     D:1: 1794 daAuts
     D:4: 946 daAuts
     D:2: 529 daAuts
  Temple: 14 daAuts
     D:9: 14 daAuts
